 Dungeon Crawl Stone Soup version 0.28-a0-655-g4eb62b627b (webtiles) character file.

Game seed: 12489631598843872814

7 lawman0 the Sneak (level 2, -2/19 HPs)
             Began as a Merfolk Enchanter on Oct 12, 2021.
             Slain by a jackal (3 damage)
             ... on level 1 of the Dungeon.
             The game lasted 00:00:45 (95 turns).

lawman0 the Sneak (Merfolk Enchanter)                 Turns: 95, Time: 00:00:46

Health: -2/19      AC:  2    Str:  8    XL:     2   Next: 0%
Magic:  5/5        EV: 12    Int: 14    God:
Gold:   16         SH:  0    Dex: 14    Spells: 5/5 levels left

rFire   . . .      SeeInvis .   a - +1 dagger
rCold   . . .      Faith    .   (no shield)
rNeg    . . .      Spirit   .   b - +0 robe
rPois   .          Reflect  .   (no helmet)
rElec   .          Harm     .   (no cloak)
rCorr   .          Rampage  .   (no gloves)
Will    .....                   (no boots)
Stlth   ++........              (no amulet)
HPRegen 0.06/turn               (no ring)
MPRegen 0.09/turn               (no ring)

@: very slightly contaminated, invisible
A: (nimble swimmer 2), mertail
a: no special abilities


You were on level 1 of the Dungeon.
You visited 1 branch of the dungeon, and saw 1 of its levels.

You collected 16 gold pieces.

Inventory:

Hand Weapons
 a - a +1 dagger (weapon)
Armour
 b - a +0 robe (worn)


   Skills:
 + Level 1.2 Short Blades
 + Level 2.6 Dodging
 + Level 3.5 Stealth
 + Level 2.0 Spellcasting
 + Level 3.3 Hexes


You had 5 spell levels left.
You didn't know any spells.
Your spell library contained the following spells:

 Spells                   Type           Power      Damage    Failure   Level
 Ensorcelled Hibernation  Hex/Ice        12%        N/A       19%         2
 Confusing Touch          Hex            10%        N/A       19%         3
 Tukima's Dance           Hex            10%        N/A       19%         3
 Dazzling Flash           Conj/Hex       12%        N/A       34%         3


Dungeon Overview and Level Annotations

Branches:
Dungeon (1/15)

Altars:


Innate Abilities, Weirdness & Mutations

((You are quick and stealthy near water. (Stealth+, EV+, Speed+++)))
Your lower body shifts to a powerful aquatic tail in water.


Message History

You fade into invisibility!
The jackal barely misses you.
You are very lightly contaminated with residual magic.
You barely miss the jackal. The jackal barely misses you. The jackal bites you.
* * * LOW HITPOINT WARNING * * *
You catch the helpless jackal completely off-guard!
You puncture the jackal!
You kill the jackal!
The jackal closely misses you.
You have reached level 2!
You closely miss the jackal.
The jackal is almost dead.
The jackal barely misses you.
Unknown command.
You miss the jackal.
The jackal is almost dead.
The jackal barely misses you.
You completely miss the jackal.
The jackal is almost dead.
You see here a jackal corpse.
Found 15 stones.
The jackal closely misses you.
You closely miss the jackal.
The jackal is severely wounded.
The jackal bites you.
* * * LOW HITPOINT WARNING * * *
The jackal closely misses you.
You miss the jackal.
The jackal is severely wounded.
The jackal bites you but does no damage.
You hit the jackal but do no damage.
The jackal is severely wounded.
The jackal closely misses you.
You barely miss the jackal.
The jackal is severely wounded.
The jackal misses you. The jackal barely misses you.
You barely miss the jackal.
The jackal is severely wounded.
The jackal bites you.
You die...

##.......##
##.....##
##...##
##.## #'#
#†###
#...#######
#.#h.....(.
##.@#######
##.# #.#
..# ###


You could see a jackal.

Vanquished Creatures
  A goblin (D:1)
  2 jackals (D:1)
  4 rats (D:1)
7 creatures vanquished.

Notes
Turn   | Place    | Note
-------+----------+-------------------------------------------
     0 | D:1      | lawman0 the Merfolk Enchanter began the quest for the Orb.
     0 | D:1      | Reached XP level 1. HP: 13/13 MP: 3/3
    84 | D:1      | Reached XP level 2. HP: 1/19 MP: 5/5
    95 | D:1      | Slain by a jackal

Illustrated notes

Levels and vault maps discovered:
D:1:      elethiomel_arrival_diamonds, layout_loops_ring, serial_shops,
          nicolae_shop_crystal, ebering_ecumenical_altar_abandoned,
          minmay_pentomino_r4

Action                   || total
-------------------------++-------
Melee: Dagger            ||    30
  Use: Potion            ||     1
 Stab: Sleeping          ||     5
       Invisible         ||     1
Armor: Robe              ||     3
Dodge: Dodged            ||    21

Table legend: (Time is in decaauts)
 A = Elapsed time spent in this place.
 B = Non-inter-level travel time spent in this place.
 C = Inter-level travel time spent in this place.
 D = Time resting spent in this place.
 E = Time spent auto-exploring this place.
 F = Levels seen in this place.
 G = Mean time per level.
                   A        B        C        D        E       F      G
               +--------+--------+--------+--------+--------+-----+--------+
         Total |     93 |     93 |      0 |      0 |     39 |   1 |   93.0 |
       Dungeon |     93 |     93 |      0 |      0 |     39 |   1 |   93.0 |
               +--------+--------+--------+--------+--------+-----+--------+

Top non-repeatable levels by time:
     D:1: 93 daAuts
